 Seeded DCSS version 0.30-a0-241-g1121274140 (webtiles) character file.

Game seed: 6617275544464515907 (custom seed)

63 Iusername the Covered (level 3, -1/33 HPs)
             Began as a Minotaur Fighter on Oct 10, 2022.
             Slain by Crazy Yiuf
             ... wielding a +2 quarterstaff of chaos
              (7 damage)
             ... on level 2 of the Dungeon.
             The game lasted 00:00:51 (1454 turns).

Iusername the Covered (Minotaur Fighter)            Turns: 1454, Time: 00:00:52

Health: -1/33      AC:  7    Str: 22    XL:     3   Next: 89%
Magic:  2/2        EV:  9    Int:  5    God:
Gold:   94         SH:  4    Dex:  9    Spells: 2/2 levels left

rFire   . . .      SeeInvis .    a - +0 trident
rCold   . . .      Faith    .    c - +0 buckler
rNeg    . . .      Spirit   .    b - +0 scale mail
rPois   .          Reflect  .    (helmet restricted)
rElec   .          Harm     .    (no cloak)
rCorr   .          Rampage  .    (no gloves)
Will    .....                    (no boots)
Stlth   ..........               (no amulet)
HPRegen 0.25/turn                (no ring)
MPRegen 0.08/turn                (no ring)

@: lethally poisoned (-1 -> -12)
A: horns 2, retaliatory headbutt
a: no special abilities


You were on level 2 of the Dungeon.
You visited 1 branch of the dungeon, and saw 2 of its levels.

You collected 94 gold pieces.

Inventory:

Hand Weapons
 a - a +0 trident (weapon)
Armour
 b - a +0 scale mail (worn)
 c - a +0 buckler (worn)
Jewellery
 i - a ring of ice
 j - an amulet of regeneration
 l - a +4 ring of protection
 o - a ring of flight
 p - an amulet of the acrobat
Scrolls
 e - a scroll of teleportation {unknown}
 f - 3 scrolls of identify {unknown}
 g - a scroll of noise {unknown}
 k - a scroll of fear {unknown}
Potions
 d - a potion of might
 h - a potion of heal wounds {unknown}
 m - 5 potions of curing {unknown}
 n - a potion of flight {unknown}


   Skills:
 + Level 4.1 Fighting
 + Level 3.1 Polearms
 + Level 4.4 Armour
 + Level 0.4 Stealth
 + Level 4.2 Shields


You had 2 spell levels left.
You didn't know any spells.
Your spell library contained the following spells:

 Spells                   Type           Power      Damage    Failure   Level
 Blink                    Tloc           0%         N/A       95%         2
 Momentum Strike          Conj/Tloc      0%         3d8       95%         2
 Lesser Beckoning         Tloc           0%         N/A       99%         3
 Malign Gateway           Summ/Tloc      0%         N/A       100%        7
 Summon Horrible Things   Summ           0%         N/A       100%        8


Dungeon Overview and Level Annotations

Branches:
Dungeon (2/15)

Altars:

Annotations:
D:2 Crazy Yiuf


Innate Abilities, Weirdness & Mutations

You have a pair of horns on your head.
You reflexively headbutt those who attack you in melee.


Message History

You now have 94 gold pieces (gained 15).
You see here a +0 dagger.
Key pressed, stopping explore.
No target in view!
Unknown command.
Crazy Yiuf says, "Pitchfork!"
Failed to move towards target.
Unknown command.
Could not explore, unopened runed door.
Unknown command.
Failed to move towards target.
Could not explore, unopened runed door.
You open the door. You hit Crazy Yiuf but do no damage.
You block Crazy Yiuf's attack.
You hit Crazy Yiuf but do no damage. Crazy Yiuf closely misses you.
You hit Crazy Yiuf but do no damage.
Crazy Yiuf glowers.
Crazy Yiuf hits you with a +2 quarterstaff of chaos.
Crazy Yiuf freezes you. Crazy Yiuf barely misses you.
You barely miss Crazy Yiuf.
Crazy Yiuf laughs, "Goldfish dark return to song!"
Crazy Yiuf hits you with a +2 quarterstaff of chaos!
You are poisoned.
You puncture Crazy Yiuf! Your headbutt misses Crazy Yiuf.
Crazy Yiuf is moderately wounded.
You feel very sick. Crazy Yiuf hits you but does no damage.
You are lethally poisoned!
You barely miss Crazy Yiuf. Your headbutt misses Crazy Yiuf.
Crazy Yiuf is moderately wounded.
You feel very sick.
Crazy Yiuf cries, "Mama alas broken!"
Crazy Yiuf hits you with a +2 quarterstaff of chaos.
* * * LOW HITPOINT WARNING * * *
You barely miss Crazy Yiuf.
Crazy Yiuf is moderately wounded.
* * * LOW HITPOINT WARNING * * *
You feel very sick.
Crazy Yiuf hits you with a +2 quarterstaff of chaos!
You die...

#.#.# #..##..... #.#.#
#..##.#### #.#.# #..##.# #
##### #...#.# # #...#.# #
###♣♣♣♣♣ #.#.#.####
##.+..♣.♣♣♣ ### #.......(.
##......♣..♣#...#
#.........
#......♣♣♣♣@g...#
###.#.#.## #...+.♣♣
♣♣#..)# #.#..#..# #..##♣♣
### #...###.# ##.#
#.##.#..# #.# ####..#.#
#.# #####.##.#
#.###############........#
#..................##.####
###########.#########.#


You could see Crazy Yiuf.

Vanquished Creatures
  An adder (D:2)
  A worm (D:2)
  A dart slug (D:2)
  3 bats
  4 endoplasms
  6 giant cockroaches
  5 goblins
  7 hobgoblins
  4 kobolds
  A quokka (D:1)
  3 ball pythons
  3 frilled lizards
  5 rats
44 creatures vanquished.

Notes
Turn   | Place    | Note
-------+----------+-------------------------------------------
     0 | D:1      | Iusername the Minotaur Fighter began the quest for the Orb.
     0 | D:1      | Reached XP level 1. HP: 19/19 MP: 0/0
   142 | D:1      | Reached XP level 2. HP: 20/27 MP: 1/1
   190 | D:1      | Found a faded altar of an unknown god.
   809 | D:2      | Reached XP level 3. HP: 33/33 MP: 2/2
  1257 | D:2      | Found a runed translucent door.
  1258 | D:2      | Noticed Crazy Yiuf
  1454 | D:2      | Slain by Crazy Yiuf

Illustrated notes

Levels and vault maps discovered:
D:1:      eino_arrival_tree_alley, layout_loops_ring,
          hellmonk_ecumenical_altar_crossroads
D:2:      minmay_diamond_boxcup, layout_loops_ring, uniq_crazy_yiuf_cottage

Skill      XL: |  1  2  3 |
---------------+----------+-----
Armour         | 4 |  4.4
Shields        | 4 |  4.2
Fighting       | 4 |  4.1
Polearms       | 3 |  3.1
Stealth        | |  0.4

Action                   || total
-------------------------++-------
Melee: Trident           ||    95
       Headbutt          ||     9
Armor: Scale mail        ||    20
Dodge: Dodged            ||    25
Block: Buckler           ||    19

Table legend: (Time is in decaauts)
 A = Elapsed time spent in this place.
 B = Non-inter-level travel time spent in this place.
 C = Inter-level travel time spent in this place.
 D = Time resting spent in this place.
 E = Time spent auto-exploring this place.
 F = Levels seen in this place.
 G = Mean time per level.
                   A        B        C        D        E       F      G
               +--------+--------+--------+--------+--------+-----+--------+
         Total |   1473 |   1447 |     26 |      0 |   1227 |   2 |  736.5 |
       Dungeon |   1473 |   1447 |     26 |      0 |   1227 |   2 |  736.5 |
               +--------+--------+--------+--------+--------+-----+--------+

Top non-repeatable levels by time:
     D:1: 797 daAuts
     D:2: 676 daAuts
